 Dungeon Crawl Stone Soup version 0.31-a0-1447-g87ca8d402b (webtiles) character file.

Game seed: 9854134395272454236

5340 jasper the Fighter (level 10, -8/88 HPs)
             Began as a White Draconian Shapeshifter on Dec 27, 2023.
             Was a Priest of Okawaru.
             Mangled by a catoblepas (21 damage)
             ... on level 10 of the Dungeon on Dec 28, 2023.
             The game lasted 00:16:17 (8501 turns).

jasper the Fighter (White Draconian Shapeshifter)   Turns: 8501, Time: 00:16:17

Health: -8/88      AC:  7    Str: 16    XL:     10   Next: 38%
Magic:  12/12      EV: 15    Int: 10    God:    Okawaru [***...]
Gold:   225        SH:  5    Dex: 16    Spells: 9/9 levels left

rFire   . .          .
                       - Unarmed
rCold   + + .        G - +0 buckler
rNeg    . . .        (body armour unavailable)
rPois   +            (helmet currently unavailable)
rElec   .            r - melded +1 cloak
rCorr   .            (gloves currently unavailable)
SInv    .            (boots currently unavailable)
Will    .....        (no amulet)
Stlth   +            o - ring of protection from cold
HPRegen 0.34/turn    a - ring of poison resistance
MPRegen 0.13/turn

%: no passive effects
@: beast-form, studying Shields
A: beast (slay +4), breathe frost, AC +7, unfitting armour, cold resistance 1,
cold-blooded
a: Breathe Frost, Begin Untransformation, Renounce Religion, Heroism


You were on level 10 of the Dungeon.
You worshipped Okawaru.
Okawaru was most pleased with you.
You were a hulking beast.
You visited 2 branches of the dungeon, and saw 11 of its levels.

You collected 478 gold pieces.
You spent 253 gold pieces at shops.

Inventory:

Hand Weapons
 f - a +0 sling
 j - a +2 short sword of venom
Missiles
 e - 6 atropa-tipped darts
 l - 57 stones
 n - 27 poisoned darts
 q - 7 curare-tipped darts
 E - 11 boomerangs
Armour
 r - a +1 cloak (melded)
 G - a +0 buckler (worn)
Jewellery
 a - a ring of poison resistance (right hand)
 k - an amulet of faith
 o - a ring of protection from cold (left hand)
 p - a ring of magical power
 y - a +6 ring of strength
 I - a ring of willpower
Talismans
 b - a beast talisman (active)
 c - a flux talisman
Wands
 v - a wand of light (15)
 L - a wand of iceblast (22)
Scrolls
 s - a scroll of poison
 w - 6 scrolls of teleportation
 x - 2 scrolls of amnesia
 D - a scroll of enchant armour
 H - a scroll of blinking
 K - 2 scrolls of revelation
Potions
 d - 2 potions of magic
 g - a potion of degeneration
 h - 3 potions of attraction
 i - 6 potions of heal wounds
 m - 5 potions of curing
 t - 2 potions of enlightenment
 u - 3 potions of brilliance
 z - a potion of mutation {unknown}
 A - 3 potions of might {unknown}
 B - 3 potions of lignification
 C - a potion of haste {unknown}
 F - a potion of invisibility {unknown}
 J - a potion of resistance {unknown}
 M - a potion of ambrosia {unknown}


   Skills:
 + Level 8.1 Fighting
 - Level 3.0 Throwing
 + Level 6.9 Dodging
 - Level 4.5 Shields
 + Level 7.9 Unarmed Combat
 - Level 3.0 Invocations
 - Level 7.0 Shapeshifting


You had 9 spell levels left.
You didn't know any spells.
Your spell library contained the following spells:

 Spells                   Type           Power      Damage    Failure   Level
 Kiss of Death            Conj/Necr      0%         2d5       43%         1
 Static Discharge         Conj/Air       0%         3-3/arc   58%         2
 Sublimation of Blood     Necr           0%         N/A       58%         2
 Dazzling Flash           Conj/Hex       0%         N/A       82%         3
 Inner Flame              Hex/Fire       0%         N/A       82%         3
 Sigil of Binding         Hex            0%         N/A       82%         3
 Airstrike                Air            0%         2d(0-16)  99%         4
 Anguish                  Hex/Necr       0%         N/A       99%         4
 Cause Fear               Hex            0%         N/A       99%         4
 Dimensional Bullseye     Hex/Tloc       0%         N/A       99%         4
 Flame Wave               Conj/Fire      0%         2d4       99%         4
 Sticky Flame             Fire/Alch      0%         2d4       99%         4
 Bombard                  Conj/Erth      0%         9d1       100%        6
 Enfeeble                 Hex            0%         N/A       100%        7
 Fire Storm               Conj/Fire      0%         5d1       100%        9
 Call Imp                 Summ           Unusable   N/A       N/A         2
 Call Canine Familiar     Summ           Unusable   N/A       N/A         3
 Summon Lightning Spire   Summ/Air       Unusable   N/A       N/A         4
 Summon Forest            Summ/Tloc      Unusable   N/A       N/A         5
 Summon Mana Viper        Hex/Summ       Unusable   N/A       N/A         5
 Summon Cactus Giant      Summ           Unusable   N/A       N/A         6
 Summon Hydra             Summ           Unusable   N/A       N/A         7

Dungeon Overview and Level Annotations

Branches:
Dungeon (10/15)            Temple (1/1) D:5
   Lair: D:8-11         Orc: D:9-12

Altars:
Ashenzari
Cheibriados
Dithmenos
Elyvilon
Fedhas
Gozag
Hepliaklqana
Kikubaaqudgha
Makhleb
Nemelex Xobeh
Okawaru
Qazlal
Ru
Sif Muna
Trog
Uskayaw
Vehumet
Wu Jian
Xom
Yredelemnul
Zin
The Shining One

Shops:
D:3 [*(*=   D:5 *   D:7 ?   D:8 [   D:9 !

Portals:
Abyss: D:9

Annotations:
D:6 3 runed translucent doors, Fuzzly's ghost, novice HOFi; Sonofthefire's ghost, novice OpSh; gummybears's ghost, novice HOMo
D:8 exclusion: manticore
D:9 2 transporters, gummybears's ghost, novice TrFi


Innate Abilities, Weirdness & Mutations

You are a hulking beast.
Your limbs bulge with bestial killing power. (Slay +4)
You can breathe waves of freezing cold which knock back foes.
Your icy white scales are hard. (AC +7)
You cannot fit into any form of body armour.
Your flesh is cold resistant. (rC+)
You are cold-blooded and may be slowed by cold attacks.


Message History

You tail-slap the catoblepas, but do no damage.
The catoblepas is lightly wounded.
The catoblepas completely misses you.
You hit the catoblepas. You tail-slap the catoblepas.
The catoblepas is moderately wounded.
The catoblepas breathes a plume of calcifying dust at you.
The blast of calcifying dust hits you.
You take 4 damage, and have 48/88 hp.
The catoblepas barely misses you.
You hit the catoblepas.
The catoblepas is moderately wounded.
The catoblepas breathes a plume of calcifying dust at you.
The blast of calcifying dust hits you.
You take 5 damage, and have 44/88 hp.
The catoblepas gores you!!
* * * LOW HITPOINT WARNING * * *
You take 23 damage, and have 21/88 hp.
MASSIVE DAMAGE!!
MP restored: 12 You hit the catoblepas but do no damage.
The catoblepas is moderately wounded.
You punch the catoblepas! You tail-slap the catoblepas.
The catoblepas is heavily wounded.
You feel like a meek peon again. The catoblepas gores you.
* * * LOW HITPOINT WARNING * * *
You take 2 damage, and have 19/88 hp.
You punch the catoblepas!
You tail-slap the catoblepas, but do no damage.
The catoblepas is heavily wounded.
The catoblepas gores you.
* * * LOW HITPOINT WARNING * * *
You take 5 damage, and have 14/88 hp.
You hit the catoblepas.
The catoblepas is severely wounded.
The catoblepas breathes a plume of calcifying dust at you.
The blast of calcifying dust hits you.
* * * LOW HITPOINT WARNING * * *
You take 2 damage, and have 12/88 hp.
The catoblepas gores you!!
You die...

##########
....)....#########
.................#
###########.####.#
#.####§##########
#..§.§hY........#
######.##)........
#........)...###.##
!.#####.##.#.#
#.##.#.# #.##.#.#
#.##.#.# #......#
###


You could see a catoblepas.

Vanquished Creatures
  Pikel (D:5)
  9 yaks
  A steam dragon (D:4)
  A human (D:3)
  A water moccasin (D:7)
  An orc warrior (D:8)
  2 ice beasts
  A black bear (D:5)
  A centaur (D:6)
  4 phantoms
  2 lemures (D:5)
  3 kobold brigands
  A gnoll sergeant (D:8)
  3 bullfrogs
  6 scorpions
  5 wights (D:8)
  2 bombardier beetles
  A jelly (D:8)
  A gnoll bouda (D:7)
  3 orc priests
  5 hounds
  3 iguanas
  An orc wizard (D:8)
  14 gnolls
  12 adders
  A river rat (D:4)
  3 white imps
  2 ufetubi (D:6)
  2 worms (D:3)
  4 dart slugs
  17 orcs
  6 bats
  6 endoplasms
  6 giant cockroaches
  6 goblins
  9 hobgoblins
  5 jackals
  17 kobolds
  7 ball pythons
  A frilled lizard (D:2)
  A jackal skeleton (D:3)
  7 rats
184 creatures vanquished.

Vanquished Creatures (others)
  A two-headed ogre (D:10)
1 creature vanquished.

Grand Total: 185 creatures vanquished

Notes
Turn   | Place    | Note
-------+----------+-------------------------------------------
     0 | D:1      | jasper the Draconian Shapeshifter began the quest for the
                  | Orb.
     0 | D:1      | Reached XP level 1. HP: 16/16 MP: 1/1
   292 | D:1      | Reached XP level 2. HP: 23/23 MP: 2/2
  1069 | D:2      | Reached XP level 3. HP: 28/28 MP: 3/3
  1343 | D:2      | Reached XP level 4. HP: 25/35 MP: 4/4
  1509 | D:3      | Found Canedoikh's Assorted Antiques.
  1509 | D:3      | Found Ytieder's Jewellery Emporium.
  1521 | D:3      | Reached skill level 5 in Shapeshifting
  1582 | D:3      | Bought a metallic golden potion for 18 gold pieces
  1582 | D:3      | Bought a scroll labelled MOEPSE XAA for 20 gold pieces
  1582 | D:3      | Bought a scroll labelled ZOZAOD GIUNAY for 20 gold pieces
  1616 | D:3      | Found a blossoming altar of Fedhas.
  1632 | D:3      | Found Potor's Assorted Antiques.
  1657 | D:3      | Bought an orange potion for 18 gold pieces
  1667 | D:3      | Found a radiant altar of Vehumet.
  1737 | D:3      | Found Amac Ixkumn's Antique Weapon Shoppe.
  2160 | D:3      | Found a bloodstained altar of Trog.
  2170 | D:3      | Reached XP level 5. HP: 33/40 MP: 5/5
  2200 | D:3      | Found a shimmering blue altar of Sif Muna.
  2208 | D:3      | Got Sif Muna's Almanac of Necromancy
  2271 | D:3      | Found a runed translucent door.
  2271 | D:3      | Noticed a human
  2276 | D:3      | Found a basalt altar of Yredelemnul.
  2300 | D:3      | Killed a human
  2301 | D:3      | Reached XP level 6. HP: 47/47 MP: 6/6
  2431 | D:3      | Found Vuneomp's Armour Shoppe.
  2668 | D:3      | Identified a scroll of acquirement
  2668 | D:3      | Acquired a ring of poison resistance
  2690 | D:4      | Found a hide-covered altar of Uskayaw.
  2861 | D:4      | Found a glowing silver altar of Zin.
  3302 | D:4      | Reached skill level 2 in Fighting
  3302 | D:4      | Your scales start taking on an icy white colour.
  3302 | D:4      | Reached XP level 7. HP: 55/55 MP: 7/7
  3302 | D:4      | Gained mutation: Your flesh is cold resistant. (rC+) [White
                  | Draconian growth]
  3411 | D:4      | Noticed a steam dragon
  3420 | D:4      | Killed a steam dragon
  3646 | D:5      | Entered Level 5 of the Dungeon
  3646 | D:5      | Found Heunonoj's Assorted Antiques.
  3649 | D:5      | Bought a scroll labelled MARRUPL XIBO for 30 gold pieces
  3770 | D:5      | Reached skill level 3 in Fighting
  3781 | D:5      | Found a sparkling altar of Nemelex Xobeh.
  4162 | D:5      | Reached skill level 4 in Fighting
  4162 | D:5      | Reached XP level 8. HP: 65/66 MP: 8/8
  4290 | D:5      | Found a staircase to the Ecumenical Temple.
  4379 | Temple   | Entered the Ecumenical Temple
  4392 | Temple   | Became a worshipper of Warmaster Okawaru
  4499 | D:5      | Noticed Pikel
  4510 | D:5      | Killed Pikel
  4510 | D:5      | Reached * piety under Okawaru
  4511 | D:5      | Reached skill level 5 in Fighting
  4511 | D:5      | Reached skill level 5 in Unarmed Combat
  4704 | D:5      | Found a white marble altar of Elyvilon.
  4704 | D:5      | Found an ornate altar of the Wu Jian Council.
  5104 | D:6      | Reached skill level 5 in Dodging
  5250 | D:6      | Found a runed translucent gate.
  5250 | D:6      | Found a runed translucent gate.
  5251 | D:6      | Found a runed translucent gate.
  5252 | D:6      | Noticed gummybears's ghost (novice HOMo)
  5253 | D:6      | Noticed Sonofthefire's ghost (novice OpSh)
  5253 | D:6      | Noticed Fuzzly's ghost (novice HOFi)
  5276 | D:6      | Reached skill level 6 in Fighting
  5367 | D:6      | Reached XP level 9. HP: 75/75 MP: 9/9
  5512 | D:6      | Found a broken altar of Ashenzari.
  5906 | D:7      | Reached ** piety under Okawaru
  5912 | D:7      | Reached skill level 1 in Invocations
  5913 | D:7      | Reached skill level 1 in Throwing
  5947 | D:7      | Found Jywae's Magic Scroll Boutique.
  5953 | D:7      | Bought a scroll of teleportation for 42 gold pieces
  5953 | D:7      | Bought a scroll of revelation for 105 gold pieces
  6042 | D:7      | Found a stormy altar of Qazlal.
  6256 | D:7      | Got Uroel's Lectures on Bruises
  6382 | D:7      | Found a sacrificial altar of Ru.
  7039 | D:8      | Reached skill level 1 in Shields
  7063 | D:8      | Found a snail-covered altar of Cheibriados.
  7657 | D:8      | Noticed a manticore
  7746 | D:8      | Found Otwaisoe's Antique Armour Boutique.
  7809 | D:9      | Found a transporter.
  7885 | D:9      | Found Zicvihih's Distillery.
  7886 | D:9      | Noticed a troll
  7900 | D:9      | Noticed a troll
  7974 | D:9      | Found a transporter.
  7986 | D:9      | Found a shadowy altar of Dithmenos.
  8012 | D:9      | Noticed a cane toad
  8019 | D:9      | Found a one-way gate to the infinite horrors of the Abyss.
  8019 | D:9      | Noticed gummybears's ghost (novice TrFi)
  8033 | D:9      | Noticed a hell hog
  8049 | D:9      | Reached skill level 7 in Fighting
  8064 | D:9      | Reached XP level 10. HP: 74/86 MP: 10/12
  8192 | D:9      | Reached *** piety under Okawaru
  8290 | D:10     | Entered Level 10 of the Dungeon
  8461 | D:10     | Identified the +7 trident "Fitecio" {distort, ^Contam rN++
                  | Will+ Int+3}
  8477 | D:10     | Noticed a two-headed ogre
  8479 | D:10     | Noticed a catoblepas
  8487 | D:10     | Killed a two-headed ogre
  8488 | D:10     | Reached skill level 8 in Fighting
  8501 | D:10     | Mangled by a catoblepas

Illustrated notes

Levels and vault maps discovered:
D:1:      dpeg_arrival_oval, layout_basic, serial_bayou_pond_b,
          minmay_misc_feat_hallway, chequers_serial_rivers_micro_d
D:2:      layout_rooms, minmay_surrounded
D:3:      layout_basic, nzn_overflow_gifts_of_might_and_magic,
          amcnicky_altar_gilded, general_overflow_altar, dk_yredelemnul_ordeal,
          serial_shops, shop, nicolae_diamond_shop, shop_statue, shop, shop
D:4:      layout_gridville, mainiacjoe_overflow_alcove_4,
          mainiacjoe_overflow_tiny_flanked, gup_sewer_entry_bowl
D:5:      layout_basic, lemuel_crystal_altar, gammafunk_temple_overflow_pools,
          lemuel_temple_firewalk_a, enter_ossuary_5, serial_shops,
          nicolae_stop_n_shop_2, uniq_pikel
D:6:      layout_loops_cross, mainiacjoe_overflow_surrounded_room,
          gammafunk_ghost_cemetery
D:7:      layout_loops_ring, mainiacjoe_overflow_alcove_1,
          nicolae_ru_the_path_less_chosen, serial_shops, shop,
          small_statue_alley_b
D:8:      layout_loops_ring, nicolae_overflow_hidden_temple, serial_shops, shop,
          minivault_1, minmay_evil_grid
D:9:      layout_rooms, grunt_dithmenos_smoke_and_mirrors, david_lair_shrubbed,
          gammafunk_ghost_abyssal_escape, nicolae_inconvenience_store,
          minmay_misc_feat_square
D:10:     layout_loops_ring
Temple:   nicolae_temple_superstar

Skill      XL: |  1  2  3  4  5  6  7  8  9 10 |
---------------+-------------------------------+-----
Shapeshifting  | 4 5 6 7 |  7.0
Dodging        | 2 3 5 6 |  6.9
Fighting       | 2 4 6 7 8 |  8.1
Unarmed Combat | 4 6 7 |  7.9
Invocations    | 3 |  3.0
Throwing       | 3 |  3.0
Shields        | 4 |  4.5

Action                     |  1- 3 |  4- 6 |  7- 9 | 10-12 || total
---------------------------+-------+-------+-------+-------++-------
  Melee: Unarmed           |    90 |   174 |   365 |    61 ||   690
         Tailslap          |    10 |    23 |    58 |    14 ||   105
         Punch             |     1 |       |       |       ||     1
 Invoke: Heroism           |       |       |     1 |     1 ||     2
Ability: Breathe Frost     |       |       |     9 |       ||     9
    Use: Scroll            |       |     8 |     9 |     1 ||    18
         Potion            |       |     1 |       |       ||     1
   Stab: Sleeping          |       |     1 |       |       ||     1
 Armour: Skin              |    45 |   101 |   133 |    32 ||   311
  Dodge: Dodged            |    56 |   127 |   248 |    22 ||   453
  Block: Buckler           |       |       |    21 |    10 ||    31
   Form: Flux              |       |     1 |       |       ||     1
         Beast             |       |       |     1 |       ||     1

Table legend: (Time is in decaauts)
 A = Elapsed time spent in this place.
 B = Non-inter-level travel time spent in this place.
 C = Inter-level travel time spent in this place.
 D = Time resting spent in this place.
 E = Time spent auto-exploring this place.
 F = Levels seen in this place.
 G = Mean time per level.
                   A        B        C        D        E       F      G
               +--------+--------+--------+--------+--------+-----+--------+
         Total |   8450 |   8092 |    358 |    514 |   5516 |  11 |  768.2 |
       Dungeon |   8423 |   8090 |    333 |    514 |   5516 |  10 |  842.3 |
        Temple |     26 |      2 |     24 |      0 |      0 |   1 |   26.0 |
               +--------+--------+--------+--------+--------+-----+--------+

Top non-repeatable levels by time:
     D:5: 1400 daAuts
     D:3: 1213 daAuts
     D:8: 1189 daAuts
     D:1: 1022 daAuts
     D:4: 960 daAuts
     D:7: 786 daAuts
     D:6: 722 daAuts
     D:9: 474 daAuts
     D:2: 447 daAuts
    D:10: 206 daAuts
  Temple: 26 daAuts
